[ AOE2 MATCH · #508154041 ]
UnrankedTupi vs Japanese
Player's team · WIN
Rival team · LOSS
[ REPLAY ANALYSIS · EXTRACTED FROM THE RECORDED GAME ]
Feudal
11:13
Castle
16:22
Imperial
—
| APM avg | 41.4 |
| APM peak | 94 |
| eAPM avg | 22.7 |
| Villagers / military | 26 / 0 |
Focus
⚔️ 22.5% · 🌾 77.5%
Unknown (2579) ×6
Feudal
12:08
Castle
—
Imperial
—
| APM avg | 54.3 |
| APM peak | 98 |
| eAPM avg | 20.9 |
| Villagers / military | 34 / 9 |
Focus
⚔️ 43.2% · 🌾 56.8%
Militia ×9
Match map
Initial resources + every placement click. Lines = walls · curves = elevation contours. ◆ gold · ⬟ stone · ● berries · ✦ relic · ◌ wall gap
Your base· Open — unwalled flank
LE | Andreu's base· Open — unwalled flank
Smoothed initial terrain · ◌ = detected wall gap · hover for details
Inputs per minute
— Hawke - - LE | Andreu
Build order — Hawke
62 actions detected in the replay
| 0:01 | Queue | Villager (Male) ×4 |
| 0:03 | Build | House |
| 0:04 | Build | House |
| 1:02 | Queue | Villager (Male) |
| 1:45 | Queue | Villager (Male) |
| 1:52 | Build | Settlement |
| 2:01 | Queue | Villager (Male) |
| 2:54 | Queue | Villager (Male) |
| 3:23 | Queue | Villager (Male) |
| 3:23 | Queue | Villager (Male) |
| 3:27 | Queue | Villager (Male) |
| 4:03 | Queue | Villager (Male) |
| 4:19 | Build | Settlement |
| 4:33 | Queue | Villager (Male) |
| 5:04 | Queue | Villager (Male) |
| 5:05 | Queue | Villager (Male) |
| 5:36 | Queue | Villager (Male) |
| 6:22 | Queue | Villager (Male) |
| 6:23 | Queue | Villager (Male) |
| 6:33 | Build | House |
| 6:36 | Build | Palisade Wall |
| 6:56 | Build | Settlement |
| 7:06 | Queue | Villager (Male) |
| 7:15 | Build | Palisade Wall |
| 7:18 | Build | Palisade Wall |
| 7:19 | Build | Palisade Wall |
| 7:48 | Queue | Villager (Male) |
| 7:48 | Queue | Villager (Male) |
| 8:28 | Research | Loom |
| 8:34 | Build | House |
| 8:39 | Build | Palisade Wall |
| 9:01 | Research | Feudal Age |
| 9:45 | Build | Palisade Wall |
| 10:06 | Build | Palisade Wall |
| 10:30 | Queue | Villager (Male) |
| 10:31 | Queue | Villager (Male) |
| 11:13 | Age | Feudal Age |
| 11:24 | Build | Blacksmith |
| 12:13 | Queue | Villager (Male) |
| 12:32 | Build | Market |
| 12:35 | Build | Palisade Wall |
| 13:02 | Build | Farm |
| 13:17 | Build | House |
| 13:20 | Build | Palisade Wall |
| 13:42 | Research | Castle Age |
| 13:42 | Research | Castle Age |
| 13:43 | Research | Castle Age |
| 14:11 | Build | Settlement |
| 14:24 | Build | House |
| 14:31 | Build | Palisade Wall |
| 16:03 | Queue | Villager (Male) |
| 16:03 | Queue | Villager (Male) |
| 16:09 | Research | Fletching |
| 16:22 | Age | Castle Age |
| 16:25 | Build | Castle |
| 17:16 | Queue | Unit 2579 |
| 17:16 | Queue | Unit 2579 |
| 17:41 | Build | Settlement |
| 17:48 | Queue | Unit 2579 |
| 18:00 | Queue | Unit 2579 |
| 18:00 | Queue | Unit 2579 |
| 18:15 | Queue | Unit 2579 |
Build order — LE | Andreu
80 actions detected in the replay
| 0:02 | Build | House |
| 0:04 | Build | House |
| 0:12 | Queue | Villager (Male) |
| 0:14 | Queue | Villager (Male) |
| 0:19 | Queue | Villager (Male) |
| 0:26 | Queue | Villager (Male) |
| 1:35 | Queue | Villager (Male) |
| 1:35 | Queue | Villager (Male) |
| 1:43 | Build | Lumber Camp |
| 2:07 | Queue | Villager (Male) |
| 2:28 | Queue | Villager (Male) |
| 2:28 | Queue | Villager (Male) |
| 2:58 | Queue | Villager (Male) |
| 3:24 | Queue | Villager (Male) |
| 3:24 | Queue | Villager (Male) |
| 4:01 | Queue | Villager (Male) |
| 4:19 | Build | House |
| 4:25 | Build | Barracks |
| 4:31 | Queue | Villager (Male) |
| 4:32 | Queue | Villager (Male) |
| 4:32 | Queue | Villager (Male) |
| 5:12 | Build | House |
| 5:19 | Queue | Militia |
| 5:19 | Queue | Militia |
| 5:19 | Queue | Militia |
| 5:42 | Queue | Militia |
| 5:59 | Build | Palisade Wall |
| 6:05 | Queue | Villager (Male) |
| 6:12 | Queue | Militia |
| 6:21 | Build | Mining Camp |
| 6:46 | Queue | Villager (Male) |
| 6:52 | Build | House |
| 7:06 | Queue | Villager (Male) |
| 7:33 | Queue | Villager (Male) |
| 7:46 | Queue | Villager (Male) |
| 8:00 | Build | Mill |
| 8:33 | Queue | Villager (Male) |
| 8:35 | Research | Loom |
| 9:03 | Queue | Villager (Male) |
| 9:12 | Build | House |
| 9:46 | Build | Mining Camp |
| 9:58 | Research | Feudal Age |
| 9:58 | Research | Feudal Age |
| 9:58 | Research | Feudal Age |
| 10:35 | Queue | Militia |
| 11:12 | Queue | Militia |
| 12:08 | Age | Feudal Age |
| 12:10 | Queue | Villager (Male) |
| 12:15 | Queue | Villager (Male) |
| 12:24 | Research | Man-at-Arms (upgrade) |
| 12:33 | Queue | Villager (Male) |
| 12:41 | Build | Farm |
| 12:42 | Build | Farm |
| 12:43 | Build | Farm |
| 12:44 | Build | Farm |
| 12:45 | Build | Farm |
| 12:46 | Build | Farm |
| 12:47 | Build | Farm |
| 12:58 | Build | Watch Tower |
| 13:04 | Build | Blacksmith |
| 13:52 | Build | Farm |
| 13:53 | Queue | Villager (Male) |
| 13:59 | Build | Watch Tower |
| 14:15 | Build | Mill |
| 14:40 | Build | Watch Tower |
| 14:44 | Queue | Villager (Male) |
| 14:45 | Queue | Militia |
| 15:09 | Queue | Villager (Male) |
| 15:26 | Queue | Villager (Male) |
| 15:28 | Build | Farm |
| 15:43 | Queue | Militia |
| 15:49 | Build | Watch Tower |
| 15:56 | Build | House |
| 16:18 | Research | Arson |
| 16:18 | Research | Arson |
| 16:19 | Queue | Villager (Male) |
| 17:05 | Queue | Villager (Male) |
| 17:13 | Queue | Villager (Male) |
| 17:56 | Queue | Villager (Male) |
| 18:07 | Build | Archery Range |
Match timeline
| 4:25 | LE | Andreu · first_building Barracks |
| 5:59 | LE | Andreu · wall_segment Palisade Wall x3 |
| 6:36 | Hawke · wall_segment Palisade Wall x3 |
| 7:15 | Hawke · wall_segment Palisade Wall x4 |
| 7:18 | Hawke · wall_segment Palisade Wall x1 |
| 7:19 | Hawke · wall_segment Palisade Wall x1 |
| 8:39 | Hawke · wall_segment Palisade Wall x3 |
| 9:45 | Hawke · wall_segment Palisade Wall x7 |
| 10:06 | Hawke · wall_segment Palisade Wall x7 |
| 11:13 | Hawke · age_up feudal |
| 12:08 | LE | Andreu · age_up feudal |
| 12:35 | Hawke · wall_segment Palisade Wall x1 |
| 13:20 | Hawke · wall_segment Palisade Wall x1 |
| 14:31 | Hawke · wall_segment Palisade Wall x1 |
| 16:22 | Hawke · age_up castle |
| 16:25 | Hawke · first_building Castle |
| 18:07 | LE | Andreu · first_building Archery Range |
| 18:17 | LE | Andreu · resign |
[ AI ANALYSIS · 1 CREDIT ]
What really happened in this match?
Wolo.gg analyzes every decision: build order, eco, micro, common mistakes by bracket. Personalized analysis on WhatsApp or Discord in 30 seconds.
Civ guide
Tupi
Perfil
Jugador #22391583